 Dungeon Crawl Stone Soup version 0.30.1-9-gdf580d7c3d (webtiles) character file.

Game seed: 13565135117288667912

37 pop123321pop the Cutter (level 3, -4/29 HPs)
             Began as a Human Fighter on Sept 30, 2023.
             Slain by a gnoll
             ... wielding a +0 halberd
              (13 damage)
             ... on level 2 of the Dungeon.
             The game lasted 00:00:54 (1035 turns).

pop123321pop the Cutter (Human Fighter)             Turns: 1035, Time: 00:00:55

Health: -4/29      AC:  6    Str: 16    XL:     3   Next: 60%
Magic:  3/3        EV:  8    Int:  8    God:
Gold:   69         SH:  5    Dex: 14    Spells: 2/2 levels left

rFire   . . .        a - +0 rapier
rCold   . . .        c - +0 buckler
rNeg    . . .        b - +0 scale mail
rPois   .            (no helmet)
rElec   .            (no cloak)
rCorr   .            (no gloves)
SInv    .            (no boots)
Will    .....        (no amulet) Stlth
                     (no ring)
HPRegen 0.24/turn    (no ring)
MPRegen 0.08/turn

%: no passive effects
@: mighty
A: no striking features
a: no special abilities


You were on level 2 of the Dungeon.
You visited 1 branch of the dungeon, and saw 2 of its levels.

You collected 69 gold pieces.

Inventory:

Hand Weapons
 a - a +0 rapier (weapon)
Armour
 b - a +0 scale mail (worn)
 c - a +0 buckler (worn)
Jewellery
 g - a +5 ring of evasion
Scrolls
 e - a scroll of torment {unknown}
 f - a scroll of brand weapon {unknown}
 i - a scroll of fear {unknown}
 k - 2 scrolls of teleportation {unknown}
 l - a scroll of identify {unknown}
Potions
 d - a potion of might
 h - a potion of experience {unknown}
 j - a potion of attraction {unknown}
 m - a potion of degeneration {unknown}


   Skills:
 - Level 3.0 Fighting
 + Level 3.7 Short Blades
 - Level 3.0 Armour
 - Level 3.0 Shields


You had 2 spell levels left.
You didn't know any spells.
Your spell library was empty.

Dungeon Overview and Level Annotations

Branches:
Dungeon (2/15)

Altars:

Shops:
D:1 [


Message History

The worm bites you.
Unknown command.
There are monsters nearby!
You hit the worm.
The worm is heavily wounded.
A gnoll comes into view. It is wielding a +0 spear.
Unknown command.
There are monsters nearby!
You hit the worm.
The worm is almost dead.
The worm bites you.
Unknown command.
There are monsters nearby!
You hit the worm.
You kill the worm!
The gnoll hits you from afar with a +0 halberd.
Unknown command.
There are monsters nearby!
Unknown command.
There are monsters nearby!
You hit the gnoll.
The gnoll is heavily wounded.
The gnoll hits you from afar with a +0 halberd!
The gnoll misses you.
Unknown command.
There are monsters nearby!
You are too injured to fight recklessly!
Unknown command.
There are monsters nearby!
You are too injured to fight recklessly!
Unknown command.
There are monsters nearby!
You are too injured to fight recklessly!
Unknown command.
There are monsters nearby!
You are too injured to fight recklessly!
Sorry, you're not good enough to have a special ability.
You feel very mighty all of a sudden.
The gnoll hits you from afar with a +0 halberd!
You die...

..+........#.
#.#..........
.......#..........#
#
...............?.#..
.....# #....g....$
.....# +..$....##.#
.....###.....g.....
.>..........g##.#.
#.#.##.####@#
#<##...##....#
#.......#(#..#
#............#.#....
....#.#)...##.#.#
#### ##
#.#.###.#.#.. # #.#
.# ### #.# .. #.#
##.


You could see 3 gnolls.

Vanquished Creatures
  An adder (D:2)
  A worm (D:2)
  5 endoplasms (D:1)
  A goblin (D:1)
  6 hobgoblins (D:1)
  3 kobolds (D:1)
  A quokka (D:1)
  A bat (D:1)
  3 frilled lizards (D:1)
  A rat (D:1)
23 creatures vanquished.

Notes
Turn   | Place    | Note
-------+----------+-------------------------------------------
     0 | D:1      | pop123321pop the Human Fighter began the quest for the Orb.
     0 | D:1      | Reached XP level 1. HP: 18/18 MP: 1/1
   106 | D:1      | Reached XP level 2. HP: 24/24 MP: 2/2
   523 | D:1      | Reached XP level 3. HP: 29/29 MP: 3/3
   879 | D:1      | Found Hayduw's Armour Shop.
  1035 | D:2      | Slain by a gnoll

Illustrated notes

Levels and vault maps discovered:
D:1:      kennysheep_arrival_forest, layout_basic, serial_co_window_serial,
          co_window_paths_a, co_window_paths_b, co_window_paths_a,
          co_window_of_opportunity_a, co_window_paths_a, co_window_broadway_a,
          co_window_of_opportunity_b, co_window_cross_2,
          co_window_unsneaky_path_d, co_window_2corner, co_window_corner_cb,
          co_window_corner_cb, co_window_4corner_a, co_window_paths_d,
          glass_columns_c, glass_columns_a, glass_columns_b, serial_shops, shop,
          minmay_hexomino_u4
D:2:      layout_basic, minmay_misc_feat_room

Skill      XL: |  1  2 |
---------------+-------+-----
Short Blades   | 3 |  3.7
Fighting       | |  3.0
Armour         | |  3.0
Shields        | |  3.0

Action                     || total
---------------------------++-------
  Melee: Rapier            ||    83
    Use: Potion            ||     1
 Armour: Scale mail        ||    30
  Dodge: Dodged            ||    28
  Block: Buckler           ||    16
